[Event "January 9 Early 2024"]
[Site "https://www.chess.com"]
[Date "2024.01.11"]
[Round "2"]
[White "Hercegovac, Neven"]
[Black "Kruckenhauser, Arthur"]
[Result "0-1"]
[Board "291"]
[TimeControl "180+1"]
[WhiteFideId "2839135"]
[BlackFideId "1642812"]
[WhiteElo "2345"]
[BlackElo "2553"]
[WhiteTeam "ITA"]
[BlackTeam "AUT"]
[WhiteClock "0:00:14"]
[BlackClock "0:00:20"]

1. d4 Nf6 2. Bf4 d5 3. e3 Bf5 4. Bd3 Bxd3 5. cxd3 e6 6. Nc3 a6 7. Qb3 b6 8. Nf3 Bd6 9. Bxd6 Qxd6 10. O-O O-O 11. e4 Qd8 12. Rac1 h6 13. Rfd1 Re8 14. a4 Kh8 15. a5 Nc6 16. axb6 cxb6 17. Na4 Na5 18. Qxb6 Qxb6 19. Nxb6 Rab8 20. Na4 dxe4 21. Ne5 Kg8 22. Rc5 Rb5 23. Rc7 exd3 24. Nxf7 Nd5 25. Ra7 Nc6 26. Rxa6 Ndb4 27. Rxc6 Nxc6 28. Nd6 Rb4 29. Nxe8 Rxa4 30. f3 Rxd4 31. Kf1 Rd7 32. Rc1 d2 33. Rd1 Kf7 34. Nc7 Rxc7 35. Rxd2 Ne5 36. Re2 Kf6 37. f4 Nd3 38. g3 Rc1+ 39. Kg2 Rb1 40. Rd2 Rxb2 41. Rxb2 Nxb2 42. Kf3 Nc4 43. Ke4 Nd6+ 44. Kf3 h5 45. h3 Nb5 46. Ke4 Nc3+ 47. Kf3 Kg6 48. Ke3 Nd5+ 49. Kf3 Ne7 50. Ke4 Nf5 51. Kf3 Kf6 52. g4 hxg4+ 53. hxg4 Nd4+ 54. Ke4 Nc2 55. Kd3 Nb4+ 56. Ke4 Nd5 57. f5 Nc3+ 58. Kd3 exf5 59. gxf5 Kxf5 60. Kxc3 Kf4 61. Kd2 Kf3 62. Ke1 Kg2 63. Ke2 g5 64. Ke1 g4 65. Ke2 g3 66. Ke1 Kh2 0-1

[Event "January 9 Early 2024"]
[Site "https://www.chess.com"]
[Date "2024.01.11"]
[Round "2"]
[White "Mishra, Manoj"]
[Black "Kanyamarala, Trisha"]
[Result "0-1"]
[Board "292"]
[TimeControl "180+1"]
[WhiteFideId "5006007"]
[BlackFideId "45004722"]
[WhiteElo "2265"]
[BlackElo "2508"]
[WhiteTeam "IND"]
[BlackTeam "IRL"]
[WhiteClock "0:00:01"]
[BlackClock "0:00:04"]

1. d4 Nf6 2. Nf3 e6 3. g3 b6 4. Bg2 Bb7 5. O-O d6 6. c4 Nbd7 7. b3 Be7 8. Bb2 O-O 9. Na3 a6 10. Nc2 c5 11. Ne3 Qc7 12. g4 Rfd8 13. h4 b5 14. h5 bxc4 15. bxc4 Rab8 16. Rb1 Be4 17. h6 Bxb1 18. Qxb1 Qb6 19. Nd1 g6 20. dxc5 Nxc5 21. Qa1 e5 22. g5 Ne8 23. Bc3 Qb1 24. Ne3 Qxa1 25. Rxa1 Ne4 26. Ba5 Rd7 27. Nd5 Bxg5 28. Nxg5 Nxg5 29. f4 exf4 30. Nxf4 Nf6 31. Bc3 Nfe4 32. Bg7 Ne6 33. Bxe4 Nxf4 34. Kf2 Re7 35. Bc6 Rxe2+ 36. Kf3 g5 37. Rg1 Rxa2 38. Rxg5 Ng6 39. Bd5 Rb3+ 40. Ke4 Re2+ 41. Kd4 Rd2+ 42. Ke4 Rb8 43. Rf5 Re8+ 44. Kf3 Nh4+ 45. Kg4 Nxf5 46. Kxf5 Rf2+ 47. Kg5 Rd2 48. Kf6 Rxd5 49. cxd5 a5 50. Kf5 a4 0-1

[Event "January 9 Early 2024"]
[Site "https://www.chess.com"]
[Date "2024.01.11"]
[Round "2"]
[White "Duda, Jan-Krzysztof"]
[Black "Araujo Sanchez, Josue"]
[Result "1-0"]
[Board "293"]
[TimeControl "180+1"]
[WhiteFideId "1170546"]
[BlackFideId "6416896"]
[WhiteElo "3042"]
[BlackElo "2668"]
[WhiteTeam "POL"]
[BlackTeam "DOM"]
[WhiteClock "0:00:06"]
[BlackClock "0:00:01"]

1. b4 c6 2. Bb2 Qb6 3. a3 a5 4. c4 axb4 5. c5 Qc7 6. axb4 Rxa1 7. Bxa1 d5 8. cxd6 Qxd6 9. Qa4 Nd7 10. e3 Ngf6 11. Nf3 e6 12. b5 cxb5 13. Bxb5 Be7 14. O-O O-O 15. d4 b6 16. Bb2 Qb8 17. Ba3 Bxa3 18. Nxa3 Rd8 19. Rb1 Bb7 20. Be2 Be4 21. Ra1 Nd5 22. Nb5 Nc7 23. Qa7 Nxb5 24. Qxb8 Rxb8 25. Bxb5 Nf6 26. Ne5 Ra8 27. Rc1 g5 28. f3 Bg6 29. e4 g4 30. Rc2 gxf3 31. gxf3 Ra1+ 32. Kf2 Rd1 33. Ke3 Rb1 34. Bd3 Rb3 35. Kd2 Nh5 36. Rc8+ Kg7 37. Rc7 Nf4 38. Bc2 Ra3 39. Rb7 Kf8 40. Rxb6 f6 41. Rb8+ Ke7 42. Rb7+ Ke8 43. Rb8+ Ke7 44. Rb7+ Ke8 45. Nd3 Nxd3 46. Bxd3 Ra2+ 47. Bc2 f5 48. Kc3 fxe4 49. Rb8+ Ke7 50. fxe4 Ra3+ 51. Rb3 Ra4 52. Kd3 Ra2 53. Rc3 Ra1 54. Ke3 Re1+ 55. Kf4 Rh1 56. Ke5 Rxh2 57. Rc7+ Kd8 58. Rc6 Kd7 59. Rd6+ Kc7 60. Bd3 Rh5+ 61. Kxe6 Bf7+ 62. Ke7 1-0

[Event "January 9 Early 2024"]
[Site "https://www.chess.com"]
[Date "2024.01.11"]
[Round "2"]
[White "Przybylski, Wojciech"]
[Black "Boruchovsky, Avital"]
[Result "1-0"]
[Board "294"]
[TimeControl "180+1"]
[WhiteFideId "1117599"]
[BlackFideId "2800055"]
[WhiteElo "2552"]
[BlackElo "2777"]
[WhiteTeam "POL"]
[BlackTeam "ISR"]
[WhiteClock "0:00:19"]
[BlackClock "0:00:18"]

1. d4 Nf6 2. g3 g6 3. Bg2 Bg7 4. Nf3 O-O 5. O-O d5 6. a4 c6 7. a5 Na6 8. c3 Bf5 9. Nbd2 Nc7 10. Re1 Nb5 11. Nh4 Be6 12. e4 Nxe4 13. Nxe4 dxe4 14. Bxe4 Nd6 15. Bg2 a6 16. Bf4 Bd5 17. Nf3 Rc8 18. b4 Nc4 19. Bf1 Re8 20. Ne5 Nxe5 21. Bxe5 f6 22. Bf4 e5 23. Be3 e4 24. c4 Bf7 25. Rc1 f5 26. Qd2 Qd7 27. Red1 Qe7 28. h4 Qf8 29. Qe1 Red8 30. Kh2 h6 31. Rc2 Kh7 32. Rcc1 Rd7 33. Bh3 Be6 34. b5 cxb5 35. cxb5 Rxc1 36. Rxc1 axb5 37. Rc5 b4 38. Qxb4 Qd8 39. d5 Bxd5 40. h5 Be6 41. hxg6+ Kxg6 42. Qb5 Qf8 43. Qb6 Qd6 44. Qb5 Rf7 45. Bf4 Qd7 46. Qb6 Kh7 47. Be5 Bxe5 48. Rxe5 Rf6 49. Rxe6 Qxe6 50. Qxe6 Rxe6 51. Bxf5+ Rg6 52. Bxe4 Kg7 53. Bxg6 Kxg6 54. Kh3 Kf5 55. Kh4 Ke4 56. Kh5 Kd5 57. Kxh6 Kc5 58. g4 Kb5 59. g5 Kxa5 60. g6 b5 61. g7 b4 62. g8=Q b3 63. Qxb3 1-0

[Event "January 9 Early 2024"]
[Site "https://www.chess.com"]
[Date "2024.01.11"]
[Round "2"]
[White "Garakov, Mikhael"]
[Black "Mabusela, Johannes Manyedi"]
[Result "1-0"]
[Board "295"]
[TimeControl "180+1"]
[WhiteFideId "4169034"]
[BlackFideId "14300702"]
[WhiteElo "2656"]
[BlackElo "2385"]
[WhiteTeam "RUS"]
[BlackTeam "RSA"]
[WhiteClock "0:00:08"]
[BlackClock "0:00:14"]

1. e4 e6 2. d4 d5 3. Nc3 Nf6 4. e5 Nfd7 5. f4 c5 6. Nf3 Nc6 7. Be3 cxd4 8. Nxd4 Bc5 9. Qd2 O-O 10. O-O-O a6 11. Nb3 Bb4 12. Kb1 b5 13. Bd3 Nb6 14. Qf2 Nc4 15. Ne4 Nxe3 16. Qxe3 Be7 17. Qh3 g6 18. Nf2 Nb4 19. Be2 f5 20. exf6 Bxf6 21. Bg4 e5 22. Ne4 Bg7 23. Ng5 h6 24. Ne6 Qd7 25. c3 h5 26. Nxf8 Qxg4 27. cxb4 Qxf4 28. Ne6 Qxb4 29. Rxd5 Qe4+ 30. Qd3 Qxd3+ 31. Rxd3 Bxe6 32. Rd6 Bf5+ 33. Ka1 e4 34. Rc1 e3 35. Nd4 e2 36. Nxf5 Re8 37. Re1 Be5 38. Rd2 gxf5 39. Rdxe2 Kf7 40. Rxe5 Rd8 41. Rxf5+ Kg6 42. Rff1 Rd2 43. Rg1 Kg5 44. h3 Kh4 45. Re4+ Kg3 46. Re5 b4 47. Rxh5 Kh2 48. Rc1 Kxg2 49. Rh6 Kg3 50. Rxa6 Kxh3 51. Rb6 Kg3 52. Rxb4 Kf3 53. Rb3+ Ke2 54. Rbc3 Kf2 55. R3c2 Rxc2 56. Rxc2+ Ke3 57. Rc3+ Kd4 58. a4 1-0

[Event "January 9 Early 2024"]
[Site "https://www.chess.com"]
[Date "2024.01.11"]
[Round "2"]
[White "Soraas, Torben"]
[Black "Krishnan, Ritvik"]
[Result "0-1"]
[Board "296"]
[TimeControl "180+1"]
[WhiteFideId "1503529"]
[BlackFideId "45055297"]
[WhiteElo "2233"]
[BlackElo "2494"]
[WhiteTeam "NOR"]
[BlackTeam "IND"]
[WhiteClock "0:00:01"]
[BlackClock "0:00:16"]

1. e4 e5 2. Nf3 Nc6 3. Bc4 d6 4. d4 Nf6 5. Nc3 Be7 6. O-O O-O 7. h3 h6 8. Re1 Re8 9. a3 Bf8 10. Qd3 exd4 11. Nxd4 Ne5 12. Qf1 Nxc4 13. Qxc4 d5 14. Qd3 dxe4 15. Nxe4 Nxe4 16. Rxe4 c5 17. Rxe8 Qxe8 18. Nf3 Be6 19. Be3 Rd8 20. Qc3 b6 21. Re1 Qc6 22. Ne5 Qd5 23. Nd3 Qc4 24. Qxc4 Bxc4 25. Nf4 g6 26. b3 Ba6 27. a4 Bg7 28. h4 Bc3 29. Rc1 Kg7 30. g3 g5 31. hxg5 hxg5 32. Nh5+ Kg6 33. g4 Be2 34. Ng3 Bxg4 35. Ne4 Bb2 36. Rb1 Bd4 37. Bxd4 Rxd4 38. Re1 Bf5 39. f3 Bxe4 40. fxe4 Rd2 41. e5 Rxc2 42. e6 fxe6 43. Rxe6+ Kf5 44. Re7 Rb2 45. Rxa7 Rxb3 46. a5 bxa5 47. Rxa5 Rc3 48. Kf2 Kf4 49. Ke2 g4 50. Kd2 Rc4 51. Kd3 Rd4+ 52. Kc3 Rd5 53. Kc4 Rf5 54. Ra4 g3 55. Kd3+ Kf3 56. Ra1 g2 57. Kc4 Kg3 58. Rg1 Rf1 0-1

[Event "January 9 Early 2024"]
[Site "https://www.chess.com"]
[Date "2024.01.11"]
[Round "2"]
[White "Bournel, Antoine"]
[Black "Kuzubov, Yuriy"]
[Result "1/2-1/2"]
[Board "297"]
[TimeControl "180+1"]
[WhiteFideId "26093553"]
[BlackFideId "14112906"]
[WhiteElo "2574"]
[BlackElo "2848"]
[WhiteTeam "FRA"]
[BlackTeam "UKR"]
[WhiteClock "0:00:11"]
[BlackClock "0:00:10"]

1. d4 Nf6 2. Nf3 e6 3. c4 d5 4. Nc3 Nbd7 5. cxd5 exd5 6. Bg5 c6 7. Qc2 h6 8. Bh4 g5 9. Bg3 Nh5 10. O-O-O Nxg3 11. hxg3 Nb6 12. e4 Be6 13. Bd3 Qf6 14. e5 Qg7 15. Kb1 O-O-O 16. Rc1 Kb8 17. Ka1 Rc8 18. Na4 Nxa4 19. Qxa4 c5 20. dxc5 Bxc5 21. Rc2 Bb6 22. Re2 Rc7 23. a3 Rhc8 24. Kb1 Qg8 25. Qb4 Ka8 26. Rd1 Bc5 27. Qa5 g4 28. Nd2 Bb6 29. Qa4 h5 30. Nb3 Qg5 31. Qf4 Qxf4 32. gxf4 d4 33. Nd2 Rg8 34. Rh1 g3 35. f3 Rgc8 36. f5 Bd5 37. Ne4 Bxe4 38. Rxe4 a6 39. Ree1 Rh8 40. Rh4 Rc5 41. f4 f6 42. exf6 Bd8 43. Re6 Rc6 44. Be2 Bxf6 45. Rxh5 Rxh5 46. Bxh5 Kb8 47. Rxc6 bxc6 48. Kc2 Kc7 49. Kd3 Kd6 50. Kc4 a5 51. b4 axb4 52. axb4 Kc7 53. b5 cxb5+ 54. Kxb5 Kd6 55. Kc4 Bd8 56. Bf3 Ke7 57. Kxd4 Kf6 58. Ke4 Bb6 59. Be2 Bf2 60. Bd3 Be1 61. Kf3 Bf2 62. Kg4 Be1 63. Be4 Bf2 64. Bd5 Be1 65. Be6 Bf2 66. Kf3 Be1 67. Kg4 Bf2 1/2-1/2

[Event "January 9 Early 2024"]
[Site "https://www.chess.com"]
[Date "2024.01.11"]
[Round "2"]
[White "Semenenko, Dmytry"]
[Black "Eugene, Floryan"]
[Result "1-0"]
[Board "298"]
[TimeControl "180+1"]
[WhiteFideId "14118645"]
[BlackFideId "20694784"]
[WhiteElo "2368"]
[BlackElo "2584"]
[WhiteTeam "UKR"]
[BlackTeam "FRA"]
[WhiteClock "0:00:04"]
[BlackClock "0:00:03"]

1. Nf3 g6 2. c4 Bg7 3. d4 f5 4. Nc3 Nf6 5. g3 O-O 6. Bg2 d6 7. d5 e5 8. dxe6 Bxe6 9. Nd4 Bc8 10. O-O c6 11. e4 fxe4 12. Nxe4 Nxe4 13. Bxe4 Na6 14. Bf4 Nc5 15. Bg2 Qf6 16. Nb3 Rd8 17. Nxc5 dxc5 18. Qf3 Bf5 19. Rad1 Qxb2 20. Bg5 Rd4 21. Be3 Rxc4 22. h3 Rf8 23. Bf4 Rd4 24. Rde1 Rd3 25. Be3 Bxh3 26. Qe4 Bf5 27. Qc4+ Kh8 28. g4 Rc3 29. Qf4 Be6 30. Qg5 Bg8 31. Bxc5 Rxc5 32. Qxc5 Ra8 33. Qe7 Qxa2 34. Re3 Qb2 35. Rh3 Qf6 36. Qe4 Rf8 37. Qe3 a5 38. Rd1 Bf7 39. Be4 b5 40. g5 Qe5 41. Qf3 Bd5 42. Rg3 Rxf3 43. Bxf3 h5 44. gxh6 Bxh6 45. Bxd5 cxd5 46. Rxg6 Kh7 47. Rg2 Bg5 48. Rg4 Bf4 49. Rd3 Kh6 50. Kg2 Bg5 51. Rh3+ Kg6 52. Rhg3 Qf5 53. f4 Qe4+ 54. Kh3 Kf6 55. fxg5+ Kg6 56. Rxe4 dxe4 57. Re3 b4 58. Rxe4 b3 59. Re5 a4 60. Rb5 a3 61. Rxb3 1-0

[Event "January 9 Early 2024"]
[Site "https://www.chess.com"]
[Date "2024.01.11"]
[Round "2"]
[White "Barria Santos, Jose Guilherme"]
[Black "Luukkonen, Tommi"]
[Result "1-0"]
[Board "299"]
[TimeControl "180+1"]
[WhiteFideId "1939300"]
[BlackFideId "501808"]
[WhiteElo "2525"]
[BlackElo "2304"]
[WhiteTeam "POR"]
[BlackTeam "FIN"]
[WhiteClock "0:00:08"]
[BlackClock "0:00:01"]

1. e4 c5 2. Nf3 d6 3. d4 cxd4 4. Nxd4 Nf6 5. Nc3 g6 6. Be2 Bg7 7. O-O O-O 8. Re1 Nc6 9. Bf1 Bd7 10. Nb3 a5 11. a4 Nb4 12. Nd5 Rc8 13. c3 Nbxd5 14. exd5 Re8 15. Be2 e6 16. dxe6 Bxe6 17. Nd4 Bd5 18. Be3 Be4 19. Bb5 Re7 20. Bg5 h6 21. Bh4 g5 22. Bg3 Bg6 23. Qf3 Be4 24. Rxe4 Nxe4 25. Nf5 Re6 26. Rd1 Qf6 27. Bd7 Nxg3 28. hxg3 Rce8 29. Bxe8 Rxe8 30. Rxd6 Re6 31. Rxe6 Qxe6 32. g4 Qe1+ 33. Kh2 Qe5+ 34. g3 Bf8 35. Kg2 b6 36. Qc6 Qe6 37. Qxe6 fxe6 38. Nd4 Kf7 39. Kf3 Bc5 40. Ke4 Ke7 41. f3 Kd6 42. f4 gxf4 43. gxf4 Ke7 44. b4 axb4 45. cxb4 Bd6 46. a5 bxa5 47. bxa5 Bc5 48. a6 Kd7 49. Nb5 Kc6 50. a7 Kb7 51. Ke5 Be3 52. Nc7 Kxa7 53. Nxe6 Kb7 54. Ng7 Bd2 55. Nf5 h5 56. gxh5 Kc7 57. h6 Bc3+ 58. Ke6 Kd8 59. Kf7 Kd7 60. Ng7 1-0

[Event "January 9 Early 2024"]
[Site "https://www.chess.com"]
[Date "2024.01.11"]
[Round "2"]
[White "Aukhatov, Roman"]
[Black "Tqebuchava, Zurab"]
[Result "1-0"]
[Board "300"]
[TimeControl "180+1"]
[WhiteFideId "44150768"]
[BlackFideId "13601113"]
[WhiteElo "2459"]
[BlackElo "2131"]
[WhiteTeam "RUS"]
[BlackTeam "GEO"]
[WhiteClock "0:00:14"]
[BlackClock "0:00:10"]

1. Nf3 d5 2. d4 Nf6 3. c4 c6 4. Qc2 e6 5. Nbd2 Be7 6. g3 O-O 7. Bg2 b6 8. O-O Bb7 9. e4 dxe4 10. Nxe4 Nxe4 11. Qxe4 Bf6 12. h4 Nd7 13. Bg5 h6 14. Bxf6 Qxf6 15. Rfd1 Rab8 16. Ne5 Nxe5 17. dxe5 Qe7 18. Rd6 c5 19. Qd3 Bxg2 20. Kxg2 Qb7+ 21. Kg1 b5 22. b3 a6 23. Rd1 bxc4 24. Qxc4 Qb5 25. Rc1 Rfc8 26. Rxa6 Qb7 27. Rd6 Qf3 28. Qd3 Qxd3 29. Rxd3 Ra8 30. Rc2 Ra5 31. Rdc3 Rca8 32. a4 Rb8 33. Rxc5 Rxc5 34. Rxc5 Rxb3 35. h5 Kf8 36. Kf1 Rb2 37. Rc7 Ra2 38. Ra7 Kg8 39. Kg2 Ra3 40. g4 Kf8 41. f3 Re3 42. Ra5 Ke7 43. Kf2 Ra3 44. Ra7+ Ke8 45. Kg3 Kf8 46. Kf4 Ke8 47. Ke4 Kf8 48. a5 Ke8 49. a6 Ra4+ 50. Kd3 Ra3+ 51. Kc4 Rxf3 52. Rb7 Rf4+ 53. Kc5 Rxg4 54. a7 Ra4 55. Rb8+ Ke7 56. a8=Q Rxa8 57. Rxa8 f5 58. Ra7+ 1-0

[Event "January 9 Early 2024"]
[Site "https://www.chess.com"]
[Date "2024.01.11"]
[Round "2"]
[White "Ashraf, Artin"]
[Black "Caspi, Israel"]
[Result "0-1"]
[Board "301"]
[TimeControl "180+1"]
[WhiteFideId "22514805"]
[BlackFideId "2807394"]
[WhiteElo "2908"]
[BlackElo "2623"]
[WhiteTeam "IRI"]
[BlackTeam "ISR"]
[WhiteClock "0:00:03"]
[BlackClock "0:00:15"]

1. d4 Nf6 2. Bf4 d6 3. Nc3 Nbd7 4. Nf3 c6 5. e4 g6 6. e5 Nh5 7. Be3 Qa5 8. exd6 exd6 9. Qd2 Bg7 10. Bd3 O-O 11. O-O Nhf6 12. Bh6 Nb6 13. Bxg7 Kxg7 14. Qf4 Rd8 15. Rfe1 Bg4 16. Nd2 Be6 17. Nde4 Nbd5 18. Nxd5 Nxd5 19. Qg3 Qc7 20. c3 Bf5 21. h4 Bxe4 22. Bxe4 Nf6 23. Bf3 h5 24. Qg5 Re8 25. a4 a5 26. Qd2 Rxe1+ 27. Rxe1 Re8 28. Rb1 d5 29. Re1 Rxe1+ 30. Qxe1 Qb6 31. Qe2 Qb3 32. Qd2 Qxa4 33. Bd1 Qa1 34. f3 a4 35. Kf2 b5 36. Be2 a3 37. bxa3 Qxa3 38. Bd3 Qe7 39. Qf4 Ne8 40. g4 Qxh4+ 41. Kg2 hxg4 42. fxg4 Nf6 43. Be2 Nh7 44. Qe5+ Qf6 45. Qe3 Ng5 46. Bd3 Ne6 47. Kg3 b4 48. cxb4 Qxd4 49. Qd2 Qe5+ 50. Kf3 Nd4+ 51. Kg2 Ne6 52. Kf3 Qf6+ 53. Kg3 g5 54. Bf5 Qe5+ 55. Kg2 Nf4+ 56. Kf3 d4 57. Kf2 Kf6 58. Kf3 Nd5 59. Kf2 Qe3+ 60. Qxe3 Nxe3 61. Be4 Nxg4+ 62. Ke2 Ne5 0-1

[Event "January 9 Early 2024"]
[Site "https://www.chess.com"]
[Date "2024.01.11"]
[Round "2"]
[White "Galchenko, Matvey"]
[Black "Sielecki, Christof"]
[Result "1-0"]
[Board "302"]
[TimeControl "180+1"]
[WhiteFideId "24175480"]
[BlackFideId "4620437"]
[WhiteElo "2895"]
[BlackElo "2585"]
[WhiteTeam "FID"]
[BlackTeam "GER"]
[WhiteClock "0:00:06"]
[BlackClock "0:00:02"]

1. e4 c5 2. Nc3 Nc6 3. Bb5 Nd4 4. Nf3 e6 5. O-O a6 6. Bd3 Nc6 7. Nd5 Nf6 8. Re1 d6 9. Ne3 Be7 10. c3 O-O 11. Bc2 d5 12. e5 Nd7 13. d4 cxd4 14. cxd4 f6 15. exf6 Nxf6 16. h3 Bd7 17. Ng4 Rc8 18. a3 Nxg4 19. hxg4 g6 20. Bh6 Rf7 21. Qd3 Bf6 22. Rad1 a5 23. Rd2 Qb6 24. Be3 Qa6 25. Qxa6 bxa6 26. Bd3 Ra8 27. Rc1 a4 28. Rc5 Be7 29. Rc3 Bd6 30. Rdc2 Na5 31. Ne5 Bxe5 32. dxe5 Bb5 33. Bxb5 axb5 34. Rc5 Nc4 35. Rxb5 Nxe5 36. f3 Nc4 37. Bd4 Rff8 38. Re2 Rab8 39. Rc5 Rfe8 40. f4 Kf7 41. Rc7+ Re7 42. Rc6 Rbb7 43. Bc5 Re8 44. Ra6 Rc8 45. Bd4 Rbc7 46. Rxa4 Nd6 47. Be5 Rc1+ 48. Kh2 Ne4 49. Ra7+ Kf8 50. f5 gxf5 51. gxf5 Rf1 52. fxe6 Rcc1 53. Kh3 h5 54. g3 Rh1+ 55. Kg2 Rcg1+ 56. Kf3 Rf1+ 57. Ke3 Re1 58. Rxe1 Rxe1+ 59. Kf4 Rf1+ 60. Ke3 Re1+ 61. Kd3 Rd1+ 62. Ke2 Rd2+ 63. Ke3 Rd1 64. Rf7+ Ke8 65. a4 1-0

[Event "January 9 Early 2024"]
[Site "https://www.chess.com"]
[Date "2024.01.11"]
[Round "2"]
[White "Matko, Ognjen"]
[Black "Wieczorek, Zbigniew"]
[Result "1-0"]
[Board "303"]
[TimeControl "180+1"]
[WhiteFideId "14509717"]
[BlackFideId "1102001"]
[WhiteElo "2511"]
[BlackElo "2276"]
[WhiteTeam "CRO"]
[BlackTeam "POL"]
[WhiteClock "0:00:10"]
[BlackClock "0:00:06"]

1. g3 d5 2. Bg2 c6 3. d3 Nf6 4. Nd2 g6 5. e4 Bg7 6. Qe2 O-O 7. Ngf3 Bg4 8. h3 Bxf3 9. Nxf3 dxe4 10. dxe4 Qc7 11. e5 Nd5 12. O-O e6 13. c4 Ne7 14. Bf4 Rd8 15. h4 Nf5 16. Rad1 Rxd1 17. Rxd1 c5 18. g4 Nd4 19. Nxd4 cxd4 20. Rxd4 Nc6 21. Rd6 Qa5 22. Bxc6 bxc6 23. b3 c5 24. h5 Rd8 25. h6 Bf8 26. Qd2 Qxd2 27. Rxd2 Rxd2 28. Bxd2 Be7 29. Kg2 Kf8 30. Kf3 Ke8 31. Ke4 Kd7 32. f4 Bf8 33. f5 Kc6 34. fxg6 fxg6 35. Bg5 Kd7 36. Kf4 a6 37. Kf3 Kc6 38. Ke3 Kd7 39. Kd3 Kc6 40. Kc2 Kd7 41. Kb2 Kc6 42. Ka3 Kb6 43. Ka4 Kb7 44. Bd2 Kc6 45. Bg5 Kb6 46. Bd8+ Kb7 47. g5 Kc6 48. Ka5 Kb7 49. Bf6 Ka7 50. Bd8 Kb7 51. Bf6 Ka7 52. a3 Kb7 53. Bd8 Kc8 54. Bf6 Kb7 55. b4 cxb4 56. axb4 Ka7 57. b5 Kb7 58. bxa6+ Ka8 59. Kb6 Ba3 60. c5 Bb2 61. Kc6 Bd4 62. Kd6 Ka7 63. c6 Bb6 64. Kxe6 Bc7 65. Kd7 1-0

[Event "January 9 Early 2024"]
[Site "https://www.chess.com"]
[Date "2024.01.11"]
[Round "2"]
[White "Karavade, Eesha"]
[Black "Baruch, Liam"]
[Result "1-0"]
[Board "304"]
[TimeControl "180+1"]
[WhiteFideId "5012600"]
[BlackFideId "14322064"]
[WhiteElo "2451"]
[BlackElo "2101"]
[WhiteTeam "IND"]
[BlackTeam "RSA"]
[WhiteClock "0:00:27"]
[BlackClock "0:00:05"]

1. d4 d5 2. Nf3 Nf6 3. Bf4 c5 4. e3 Nc6 5. Nbd2 Bf5 6. c3 e6 7. Qb3 Qb6 8. Qxb6 axb6 9. Bb5 Rc8 10. Ne5 Nh5 11. Nxc6 bxc6 12. Ba6 Nxf4 13. Bxc8 Nxg2+ 14. Ke2 Nh4 15. Rhg1 Ng6 16. b3 Bd6 17. a4 Bxh2 18. Rg2 Bc7 19. dxc5 bxc5 20. a5 Ke7 21. Bb7 Ne5 22. a6 Bd3+ 23. Ke1 Nd7 24. a7 Nb6 25. a8=Q Nxa8 26. Rxa8 Rxa8 27. Bxa8 g6 28. c4 Kd6 29. Bb7 Ba5 30. e4 Bxe4 31. Rh2 h5 32. cxd5 cxd5 33. Ba6 Bc2 34. Ke2 Ke5 35. Bd3 Bxd3+ 36. Kxd3 Kf4 37. Nf1 e5 38. Ne3 e4+ 39. Ke2 d4 40. Nc4 d3+ 41. Kf1 Bb4 42. Rh4+ Kf5 43. Nd6+ Ke5 44. Nxe4 f5 45. Ng5 Kf6 46. f4 Bd2 47. Kf2 Bc1 48. Nf3 Ke6 49. Ne5 d2 50. Ke2 Kf6 51. Nd3 Ke6 52. Nxc5+ Kd5 53. Nd3 Kd4 54. Rh3 Kc3 55. Nxc1+ Kc2 56. Rh1 dxc1=Q 57. Rxc1+ Kxc1 58. b4 h4 59. b5 h3 60. Kf2 g5 61. b6 h2 62. Kg2 gxf4 63. b7 f3+ 64. Kxh2 f2 65. Kg2 Kd1 66. Kxf2 1-0

[Event "January 9 Early 2024"]
[Site "https://www.chess.com"]
[Date "2024.01.11"]
[Round "2"]
[White "Demin, Vladimir"]
[Black "Indjic, Aleksandar"]
[Result "1/2-1/2"]
[Board "305"]
[TimeControl "180+1"]
[WhiteFideId "4167457"]
[BlackFideId "911925"]
[WhiteElo "2597"]
[BlackElo "2888"]
[WhiteTeam "RUS"]
[BlackTeam "SRB"]
[WhiteClock "0:00:02"]
[BlackClock "0:00:15"]

1. d4 d5 2. Nc3 c6 3. Bf4 Nf6 4. e3 Bf5 5. f3 e6 6. g4 Bg6 7. h4 h6 8. Bd3 Bxd3 9. Qxd3 Qb6 10. O-O-O Nbd7 11. Nge2 g6 12. e4 a6 13. Ng3 O-O-O 14. g5 hxg5 15. hxg5 Rxh1 16. Rxh1 Ne8 17. e5 c5 18. Rh7 c4 19. Qe3 Bg7 20. Nge2 Nf8 21. Rh1 Qc7 22. Nd1 Qe7 23. Bg3 Nd7 24. Be1 Bf8 25. a3 Ng7 26. Bb4 Qe8 27. Rh8 b6 28. Ng3 a5 29. Bd6 Nf5 30. Nxf5 exf5 31. Nc3 Qe6 32. Nb5 Be7 33. Nc7 Rxh8 34. Nxe6 Rh1+ 35. Kd2 Rh2+ 36. Ke1 fxe6 37. Bxe7 Nb8 38. Bd6 Nc6 39. c3 b5 40. Qf4 Rh5 41. Kd2 a4 42. Kc2 Kb7 43. Qg3 Ka6 44. f4 Kb7 45. Qf3 Rh7 46. Kd2 Rh2+ 47. Ke1 Na5 48. Kf1 Nb3 49. Kg1 Rh8 50. Qe3 Kc6 51. Be7 Kd7 52. Bf6 Rh4 53. Bg7 Ke8 54. Bh6 Kf7 55. Kg2 Rh5 56. Kg3 Rh1 57. Kg2 Rh4 58. Kg3 Rh5 59. Kg2 Na1 60. Qe2 Nb3 61. Qd1 Rh4 62. Kg3 Rh5 63. Qe1 Kg8 64. Qd1 Kf7 65. Qe1 Kg8 66. Qd1 Kf7 1/2-1/2

[Event "January 9 Early 2024"]
[Site "https://www.chess.com"]
[Date "2024.01.11"]
[Round "2"]
[White "Sarana, Alexey"]
[Black "Akobian, Varuzhan"]
[Result "1-0"]
[Board "306"]
[TimeControl "180+1"]
[WhiteFideId "24133795"]
[BlackFideId "13300580"]
[WhiteElo "3063"]
[BlackElo "2668"]
[WhiteTeam "SRB"]
[BlackTeam "USA"]
[WhiteClock "0:00:05"]
[BlackClock "0:00:01"]

1. d4 Nf6 2. c4 e6 3. Nc3 Bb4 4. e3 d5 5. Nf3 O-O 6. Bd3 c5 7. O-O dxc4 8. Bxc4 Nbd7 9. a3 Bxc3 10. bxc3 b6 11. Qe2 Bb7 12. Bb2 Qc7 13. h3 Rac8 14. Rac1 Ne4 15. Bd3 h6 16. Nh2 Qb8 17. Rfe1 Rfd8 18. f3 Nef6 19. e4 Nf8 20. Qe3 Ng6 21. Ng4 Nxg4 22. hxg4 Qg3 23. Qf2 Qb8 24. Bf1 cxd4 25. cxd4 Rxc1 26. Rxc1 Rc8 27. Rd1 Qf4 28. d5 exd5 29. exd5 Rd8 30. d6 Bc6 31. Rd4 Qe5 32. Qd2 Qc5 33. Kh1 b5 34. Be2 Ne5 35. Qc3 Qxc3 36. Bxc3 Nc4 37. Bb4 a5 38. Bc5 a4 39. Bb4 f6 40. Bxc4+ bxc4 41. Rxc4 Be8 42. Rc7 Rd7 43. Rc8 Kf7 44. Kg1 Rb7 45. Kf2 Bd7 46. Ra8 Ke6 47. Ke3 Rb6 48. Kd4 Rb7 49. Kc4 Rb6 50. Ra5 Rc6+ 51. Bc5 Rc8 52. f4 Rb8 53. f5+ Kf7 54. Ra7 Ke8 55. Bb4 Rc8+ 56. Kd3 Rb8 57. g3 Rc8 58. Kd4 Rb8 59. Kc4 Rc8+ 60. Bc5 Rb8 61. Kd5 Rc8 62. Bb6 Rb8 63. Bc7 Rc8 64. Kc5 Kf8 65. Kb6 1-0

[Event "January 9 Early 2024"]
[Site "https://www.chess.com"]
[Date "2024.01.11"]
[Round "2"]
[White "Onslow, Alfie"]
[Black "Derjabin, Ilja"]
[Result "0-1"]
[Board "307"]
[TimeControl "180+1"]
[WhiteFideId "436976"]
[BlackFideId "14104768"]
[WhiteElo "2325"]
[BlackElo "2527"]
[WhiteTeam "ENG"]
[BlackTeam "UKR"]
[WhiteClock "0:00:14"]
[BlackClock "0:00:11"]

1. e4 c5 2. Nc3 g6 3. d4 Bg7 4. Be3 cxd4 5. Bxd4 Nf6 6. e5 Nh5 7. Qd2 d6 8. Bb5+ Nc6 9. exd6 Qxd6 10. Bxg7 Qxd2+ 11. Kxd2 Nxg7 12. Nf3 O-O 13. Rhe1 Be6 14. Rad1 Rfd8+ 15. Kc1 Nf5 16. Ne4 Ncd4 17. Nxd4 Nxd4 18. Bd3 Rac8 19. Kb1 Bf5 20. Nc3 e6 21. Bxf5 gxf5 22. Rd2 Nc6 23. Red1 Kg7 24. Nb5 a6 25. Nd6 Rb8 26. c4 b6 27. a3 Kf6 28. Kc2 Rg8 29. f3 Ne5 30. Kc3 h5 31. b4 h4 32. h3 Rg3 33. Re1 Rbg8 34. Ree2 Ng6 35. c5 Nf4 36. Rf2 bxc5 37. bxc5 Ke7 38. c6 Nd5+ 39. Rxd5 exd5 40. Nxf5+ Kd8 41. Nxg3 hxg3 42. Rd2 Kc7 43. Rxd5 Kxc6 44. Rf5 Rg7 45. Rf4 Kd5 46. Rg4 Rxg4 47. fxg4 Ke4 48. Kd2 a5 49. Ke2 a4 50. h4 Kf4 51. g5 Kg4 52. Ke3 Kxh4 53. Kf4 Kh5 54. Kxg3 Kxg5 55. Kf3 Kf5 56. g4+ Ke5 57. Ke3 Kd5 58. Kd3 f6 59. Ke3 Kc4 60. Kf4 Kb3 61. Kf5 Kxa3 62. Kxf6 Kb3 63. g5 a3 64. g6 a2 65. Kf7 a1=Q 66. g7 Qf1+ 67. Kg8 Qf6 68. Kh8 Qh6+ 69. Kg8 Kc4 70. Kf8 Qf6+ 71. Kg8 Kd5 72. Kh7 Qh4+ 73. Kg6 Qg4+ 74. Kh7 Qh5+ 0-1